 Dungeon Crawl Stone Soup version 0.28.0 (webtiles) character file.

Game seed: 3328203788651600631

328 snetch the Magician (level 6, 0/41 HPs)
             Began as a Djinni Fire Elementalist on Feb 17, 2022.
             Was a Follower of Uskayaw.
             Slain by Pikel (12 damage)
             ... on level 4 of the Dungeon.
             The game lasted 00:14:38 (3383 turns).

snetch the Magician (Djinni Fire Elementalist)      Turns: 3383, Time: 00:14:38

Health: 0/41       AC:  4    Str:  7    XL:     6   Next: 80%
Gold:   376        EV: 27    Int: 19    God:    Uskayaw [*.....] SH:  0 Dex: 13

rFire   + + .      SeeInvis .   e - +0 quarterstaff
rCold   x . .      Faith    .   (shield currently unavailable)
rNeg    + . .      Spirit   .   r - +0 leather armour
rPois   ∞          Reflect  .   o - +0 helmet
rElec   .          Harm     .   (no cloak)
rCorr   .          Rampage  .   (no gloves)
Will    .....                   (boots unavailable)
Stlth   ++........              h - amulet of the acrobat
HPRegen 0.13/turn               q - ring of positive energy
MPRegen 0.00/turn               (no ring)

@: acrobatic, flying
A: sickness immunity, fire resistance 2, cold vulnerability 1, float, innate
caster, HP casting, extra vitality 1
a: Renounce Religion, Stomp


You were on level 4 of the Dungeon.
You worshipped Uskayaw.
Uskayaw was noncommittal.
You visited 1 branch of the dungeon, and saw 4 of its levels.
You also visited: Ossuary.

You collected 376 gold pieces.

Inventory:

Hand Weapons
 e - a +0 quarterstaff (weapon)
 m - a +0 war axe
 p - a +2 dagger of venom
Missiles
 a - 21 sling bullets
 b - 150 stones
 f - 58 arrows
 s - 13 bolts
Armour
 j - a +0 scale mail
 o - a +0 helmet (worn)
 r - a +0 leather armour (worn)
 y - a +0 ring mail
 z - a +0 chain mail
 A - a +0 ring mail
Jewellery
 h - an amulet of the acrobat (around neck)
 q - a ring of positive energy (left hand)
Wands
 x - a wand of digging (3)
Scrolls
 d - a scroll of amnesia {unknown}
 i - 4 scrolls of identify {unknown}
 l - 2 scrolls of teleportation {unknown}
 u - a scroll of fear {unknown}
Potions
 c - a potion of attraction {unknown}
 g - a potion of flight {unknown}
 k - a potion of heal wounds {unknown}
 n - a potion of might {unknown}
 t - a potion of invisibility {unknown}
 v - a potion of curing {unknown}
 w - a potion of mutation {unknown}


   Skills:
 + Level 0.6 Fighting
 + Level 1.4 Armour
 + Level 3.2 Dodging
 + Level 2.6 Stealth
 + Level 4.5 Spellcasting


You couldn't memorise any spells.
You knew the following spells:

 Your Spells              Type           Power      Damage    Failure   Level
a - Foxfire               Conj/Fire      84%        2x1d8     3%          1
b - Scorch                Fire           42%        2d7       4%          2
c - Conjure Flame         Conj/Fire      21%        6-21      9%          3
d - Inner Flame           Hex/Fire       21%        N/A       9%          3
e - Flame Wave            Conj/Fire      21%        2d7       28%         4
f - Summon Small Mammal   Summ           84%        N/A       3%          1
g - Wereblood             Tmut           21%        N/A       4%          2
Your spell library was empty.

Dungeon Overview and Level Annotations

Branches:
Dungeon (4/15)            Ossuary (visited)
 Temple: D:4-7

Altars:
Hepliaklqana
Uskayaw

Shops:
D:2 =

Annotations:
D:4 Pikel


Innate Abilities, Weirdness & Mutations

You are immune to sickness and miasma.
You are immune to poison.
Your flesh is very heat resistant. (rF++)
You are vulnerable to cold. (rC-)
You float through the air rather than walking.
You learn spells naturally, not from books.
Your magical power is your life essence.
You have superior vitality. (+4 MHP)


Message History

There is a stone staircase leading down here.
Things that are here:
a +0 ring mail; a +0 chain mail
z - a +0 chain mail;
A - a +0 ring mail The lemure hits you but does no damage.
Pikel, Merchant of Souls comes into view.
He is wielding a +2 whip of electrocution.
Pikel shouts!
Casting: Scorch (safe; 4% risk of failure)
Confirm with . or Enter, or press ? or * to list all spells.
The lemure closely misses you.
Casting: Summon Small Mammal (safe; 3% risk of failure)
Confirm with . or Enter, or press ? or * to list all spells.
Pikel misses you. The lemure hits you but does no damage.
Your quokka bites Pikel.
What are your orders? t - Shout!
Orders for allies: a - Attack new target. r - Retreat! s - Stop attacking. g - Guard the area. f - Follow me.
Anything else - Cancel.
Gang up on whom?
Press: ? - help, Dir - move target, f - Pikel
Aim: Pikel, wielding a +2 whip of electrocution and wearing a +0 robe (lightly wounded, ally target) Attack!
The lemure hits you but does no damage.
Pikel hits you with a +2 whip of electrocution.
Your quokka bites Pikel but does no damage.
Your rat bites Pikel but does no damage.
You hit Pikel but do no damage.
Pikel is lightly wounded.
The lemure hits you.
Your quokka barely misses Pikel.
Pikel hits you with a +2 whip of electrocution.
The lemure hits you!
* * * LOW HITPOINT WARNING * * *
The lemure closely misses you.
Your rat bites Pikel but does no damage.
The lemure hits you but does no damage.
Your quokka closely misses Pikel.
You swap places.
Pikel says, "You'll make a fine lemure."
Pikel hits you with a +2 whip of electrocution!
You die...

######..# ##)## #.#
#.....5.# ##.#####.## .
#.#####.# #.....5...#
.##.# ##.####..#####..#
.##.# #..........# #..#
....# #..####..#.# #..#
.#..# #..# #55#.# #..#
.#..####..####5r#.##...#
.#.............K@......#
....####.......r....##.#
......##.#.............#
##..#.##.#..#.....#.##.#
##..#.##.#.##......[# #
##............<.....##.
##.#......##.........
#.###..####.......##
..##.#.# #..#....#


You could see Pikel (ally target), 3 lemures, a friendly quokka (summoned) and a
friendly rat (summoned).

Vanquished Creatures
  An ogre (D:3)
  A centaur zombie (Ossuary)
  A centaur skeleton (D:4)
  A human zombie (Ossuary)
  Ijyb (D:4)
  3 mummies
  2 adders
  An adder skeleton (D:4)
  A worm (D:2)
  An orc (D:2)
  6 ball pythons
  7 endoplasms
  A giant cockroach (D:3)
  3 gnoll zombies (Ossuary)
  5 goblins
  7 hobgoblins
  A quokka (D:1)
  8 bats
  2 frilled lizards (D:2)
  3 goblin zombies (Ossuary)
  6 kobolds
  2 orc zombies (Ossuary)
  6 rats
70 creatures vanquished.

Vanquished Creatures (collateral kills)
  A goblin zombie (Ossuary)
  A hobgoblin zombie (Ossuary)
  2 orc zombies (Ossuary)
  16 foxfires (D:1)
20 creatures vanquished.

Vanquished Creatures (others)
  120 foxfires
  11 plants (D:1)
131 creatures vanquished.

Grand Total: 221 creatures vanquished

Notes
Turn   | Place    | Note
-------+----------+-------------------------------------------
     0 | D:1      | snetch the Djinni Fire Elementalist began the quest for the
                  | Orb.
     0 | D:1      | Reached XP level 1. HP: 15/15 MP: 0/0
   194 | D:1      | Reached XP level 2. HP: 13/21 MP: 0/0
   250 | D:3      | Reached skill level 3 in Spellcasting
   275 | D:1      | Reached XP level 3. HP: 13/25 MP: 0/0
   275 | D:1      | Learned a level 1 spell: Summon Small Mammal
   496 | D:1      | Found a faded altar of an unknown god.
   504 | D:1      | Prayed at the altar of an unknown god.
   504 | D:1      | Became a worshipper of Uskayaw the Reveller
   504 | D:1      | Reached * piety under Uskayaw
  1818 | D:2      | Found Viuhate's Jewellery Shop.
  1824 | D:2      | Reached XP level 4. HP: 30/31 MP: 0/0
  1827 | D:2      | Found a hazy altar of Hepliaklqana.
  2355 | D:3      | Noticed an ogre
  2358 | D:3      | Reached ** piety under Uskayaw
  2360 | D:3      | Killed an ogre
  2360 | D:3      | Reached *** piety under Uskayaw
  2361 | D:3      | Reached skill level 4 in Spellcasting
  2361 | D:3      | Reached XP level 5. HP: 24/35 MP: 0/0
  2361 | D:3      | Learned a level 2 spell: Wereblood
  2396 | D:4      | Noticed Ijyb
  2398 | D:4      | Noticed a lemure
  2400 | D:4      | Noticed a lemure
  2405 | D:4      | Noticed a lemure
  2597 | D:4      | Found a sand-covered staircase.
  2603 | Ossuary  | Entered an ossuary
  2850 | Ossuary  | Reached XP level 6. HP: 14/40 MP: 0/0
  2885 | Ossuary  | Reached **** piety under Uskayaw
  2888 | Ossuary  | Reached skill level 1 in Armour
  3302 | D:4      | Killed Ijyb
  3376 | D:4      | Noticed Pikel
  3383 | D:4      | Slain by Pikel

Illustrated notes

Levels and vault maps discovered:
D:1:      nagdon_arrival_double_spiral, layout_loops_ring,
          shapermc_ecumenical_altar_pompeii, serial_bayou,
          serial_bayou_crossing, serial_bayou_lagoon_a, serial_bayou_pond_a,
          serial_bayou_pond_d, serial_bayou_lagoon_b
D:2:      layout_loops_ring, basic_altar, serial_rivers,
          chequers_serial_rivers_micro_b, chequers_serial_rivers_micro_b,
          chequers_serial_rivers_micro_a, chequers_serial_rivers_small_a,
          serial_shops, nicolae_shop_window_shopping
D:3:      layout_loops_ring
D:4:      layout_loops_ring, gup_ossuary_entry_pyramid, uniq_ijyb,
          uniq_crazy_yiuf_cottage, uniq_pikel

Skill      XL: |  1  2  3  4  5  6 |
---------------+-------------------+-----
Spellcasting   | 3 4 |  4.5
Stealth        | 2 |  2.6
Dodging        | 3 |  3.2
Armour         | 1 |  1.4
Fighting       | |  0.6

Action                   |  1- 3 |  4- 6 || total
-------------------------+-------+-------++-------
Melee: Unarmed           |     1 |       ||     1
       Quarterstaff      |    13 |    48 ||    61
 Cast: Foxfire           |    57 |    26 ||    83
       Scorch            |     2 |    20 ||    22
       Summon Small Mamm |     2 |     7 ||     9
       Wereblood         |       |     1 ||     1
 Stab: Sleeping          |       |     1 ||     1
       Paralysed         |       |     2 ||     2
Armor: Robe              |     2 |     3 ||     5
       Leather armour    |       |    40 ||    40
Dodge: Dodged            |     7 |    77 ||    84
